 Dungeon Crawl Stone Soup version 0.25-a0-942-g87a53962fc (webtiles) character file.

Game seed: 4995655547081146481, levelgen mode: deterministic

2716 mortelune the Archer (level 9, -1/80 HPs)
             Began as a Centaur Hunter on May 7, 2020.
             Was a Follower of Okawaru.
             Slain by a wraith (9 damage)
             ... on level 7 of the Dungeon.
             The game lasted 00:16:34 (10065 turns).

mortelune the Archer (Centaur Hunter)              Turns: 10065, Time: 00:16:34

Health: -1/80      AC:  8    Str: 18    XL:     9   Next: 39%
Magic:  9/9        EV:  8    Int: 14    God:    Okawaru [*.....]
Gold:   341        SH:  0    Dex: 12    Spells: 8/8 levels left

rFire    . . .     SeeInvis .   b - +0 trident
rCold    . . .     Gourm    .   (no shield)
rNeg     . . .     Faith    .   m - +0 scale mail
rPois    .         Spirit   .   E - +1 hat
rElec    .         Reflect  .   y - +0 cloak
rCorr    .         Harm     .   (no gloves)
MR       +....                  (no barding)
Stlth    ..........             (no amulet)
HPRegen  0.23/turn              D - +2 ring of dexterity
MPRegen  0.11/turn              r - ring of the Sturgeon {MR+ Int+4}

@: slowed
A: large, hooves 3, deformed body, speed 2, tough skin 3
a: Heroism, Renounce Religion


You were on level 7 of the Dungeon.
You worshipped Okawaru.
Okawaru was aware of your devotion.
You were not hungry.

You visited 2 branches of the dungeon, and saw 8 of its levels.
You also visited: Sewer.

You collected 341 gold pieces.

Inventory:

Hand Weapons
 a - a +1 shortbow
 b - a +0 trident (weapon)
 g - a +0 spear
 h - a +0 short sword
Missiles
 Q - 41 arrows
Armour
 c - a +0 leather armour
 m - a +0 scale mail (worn)
 p - a cursed -2 robe
 y - a +0 cloak (worn)
 E - a +1 hat (worn)
Jewellery
 r - the ring of the Sturgeon (right hand) {MR+ Int+4}
   (You found it on level 5 of the Dungeon)

   [ring of intelligence]

   It affects your intelligence (+4).
   It affects your resistance to hostile enchantments.
 u - an uncursed ring of magical power
 D - a +2 ring of dexterity (left hand)
 N - an uncursed ring of positive energy
Wands
 w - a wand of iceblast (5)
 H - a wand of acid (9)
 I - a wand of random effects (19)
Scrolls
 i - a scroll of identify
 k - 3 scrolls of enchant weapon {unknown}
 l - 8 scrolls of remove curse
 t - 6 scrolls of teleportation
 v - a scroll of immolation
 A - a scroll of fog {unknown}
 C - a scroll of enchant armour
 F - 2 scrolls of noise {unknown}
 G - a scroll of random uselessness {unknown}
Potions
 d - 6 potions of invisibility {unknown}
 e - 3 potions of curing
 j - 4 potions of heal wounds
 n - 2 potions of cancellation {unknown}
 o - a potion of magic {unknown}
 q - 2 potions of lignification {unknown}
 s - 2 potions of degeneration {unknown}
 x - 3 potions of flight
 z - 2 potions of might {unknown}
 B - a potion of mutation
Comestibles
 f - 6 rations


   Skills:
 + Level 7.7 Fighting
 + Level 6.5 Polearms
 + Level 11.0 Bows
 - Level 1.6 Dodging
 - Level 0.8 Stealth


You had 8 spell levels left.
You didn't know any spells.
Your spell library contained the following spells:

 Spells                   Type           Power        Failure   Level  Hunger
 Confusing Touch          Hex            #.......     96%         3    ####...
 Gell's Gravitas          Tloc           #.........   96%         3    ####...
 Petrify                  Tmut/Erth      #.......     100%        4    #####..
 Metabolic Englaciation   Hex/Ice        #.........   100%        5    ######.
 Yara's Violent Unravell  Hex/Tmut       #.........   100%        5    ######.


Dungeon Overview and Level Annotations

Branches:
Dungeon (7/15)             Temple (1/1) D:6           Sewer (visited)

Altars:
Ashenzari
Cheibriados
Dithmenos
Elyvilon
Fedhas
Hepliaklqana
Kikubaaqudgha
Makhleb
Nemelex Xobeh
Okawaru
Qazlal
Ru
Sif Muna
Vehumet
Wu Jian
Xom
Yredelemnul
Zin
The Shining One


Innate Abilities, Weirdness & Mutations

You have hooves in place of feet.
Armour fits poorly on your strangely shaped body.
You cover ground very quickly.
You have extremely tough skin. (AC +3)


Message History

The wraith is severely damaged.
The wraith hits you but does no damage.
You hit the wraith but do no damage. You kick the wraith!
The wraith is almost destroyed.
The wraith hits you!
* * * LOW HITPOINT WARNING * * *
The wraith drains your vigour!
You feel as though you will be slow longer.
The wraith hits you but does no damage.
You puncture the wraith!
You destroy the wraith!
Okawaru accepts your kill.
Your Bows skill increases to level 11!
The wraith hits you.
* * * LOW HITPOINT WARNING * * *
The wraith drains your vigour!
You feel as though you will be slow longer.
A wraith comes into view.
The wraith hits you!
You die...

#.........# #........####...
#.........# #...............
#.........# #........#######
#.........###........#######
#..........#.........#.#.#.#
#.........#.#.....#.#.#.#.#.
###..........#..)..#.#.#.#.#.#
#.........W.W.#.....#.#.#.#.#.
#..##########@.#.#.#.#.#.#.#)#
#.#..##.# #.#.#.#.#.#.#.#.#.
#.#W#..# #..#.#.#.#.#.#.#.#
#.##.### #.#.#.#.#.#.#.#.#.
..##.# #..#.#.#.#.#.#.#.#
..#†## #.#.#.#.#.#.#.#.#.
#..#..# #..#.#.#.#.#.#.#.#
#..##..# #...#.#.#.#.#.#.#.
.#..# #....#.#.#.#.#.#.#


You could see 2 wraiths.

Vanquished Creatures
  2 wraiths (D:7)
  A hungry ghost (D:7)
  Edmund (D:4)
  Menkaure (D:4)
  2 orc warriors
  Purgy (D:4)
  2 ogres (D:7)
  A centaur (D:7)
  6 big kobolds (Sewer)
  3 bullfrogs
  2 scorpions
  A howler monkey (D:6)
  A bullfrog zombie (D:6)
  A crimson imp (D:6)
  3 hounds
  A bullfrog skeleton (D:5)
  Crazy Yiuf (D:4)
  An orc wizard (D:5)
  5 worker ants
  3 worker ant zombies
  8 gnolls
  3 river rats (Sewer)
  14 adders
  2 howler monkey skeletons (D:7)
  2 shadow imps
  4 oozes
  An adder zombie (D:6)
  5 worms
  4 dart slugs
  3 leopard geckos
  12 orcs
  5 giant cockroaches
  3 goblins (D:1)
  7 hobgoblins
  11 jackals
  3 quokkas
  5 ball pythons (Sewer)
  8 bats
  2 frilled lizards
  A jackal skeleton (D:6)
  11 kobolds
  A leopard gecko zombie (D:7)
  A quokka skeleton (D:4)
  7 rats
162 creatures vanquished.

Notes
Turn   | Place    | Note
-------+----------+-------------------------------------------
     0 | D:1      | mortelune the Centaur Hunter began the quest for the Orb.
     0 | D:1      | Reached XP level 1. HP: 17/17 MP: 1/1
   166 | D:1      | Reached XP level 2. HP: 24/24 MP: 2/2
  1043 | D:2      | Reached XP level 3. HP: 23/30 MP: 3/3
  1740 | D:2      | Reached skill level 1 in Polearms
  1748 | D:2      | Reached skill level 6 in Bows
  2009 | D:2      | Reached XP level 4. HP: 33/37 MP: 4/4
  2585 | D:3      | Found a sacrificial altar of Ru.
  2586 | D:3      | You fall into a shaft and drop 1 floor!
  2700 | D:4      | Reached XP level 5. HP: 41/45 MP: 5/5
  2851 | D:4      | Noticed Menkaure
  2863 | D:4      | Killed Menkaure
  3060 | D:4      | Reached skill level 7 in Bows
  3092 | D:4      | Reached XP level 6. HP: 23/52 MP: 6/6
  3328 | D:4      | Noticed Purgy
  3400 | D:4      | Killed Purgy
  4172 | D:4      | Noticed Edmund
  4189 | D:4      | Killed Edmund
  4620 | D:4      | Found a runed translucent door.
  4621 | D:4      | Noticed Crazy Yiuf
  4804 | D:3      | Reached XP level 7. HP: 58/60 MP: 7/7
  5334 | D:4      | Killed Crazy Yiuf
  5422 | D:5      | Entered Level 5 of the Dungeon
  5729 | D:5      | Got a crude granite ring
  5732 | D:5      | Identified the ring of the Sturgeon {MR+ Int+4} (You found
                  | it on level 5 of the Dungeon)
  5752 | D:5      | Found a glowing drain.
  5764 | D:5      | Reached skill level 8 in Bows
  5806 | Sewer    | Entered a sewer
  5901 | Sewer    | Reached skill level 5 in Fighting
  6460 | Sewer    | Reached XP level 8. HP: 55/70 MP: 8/8
  6654 | Sewer    | Reached skill level 9 in Bows
  6942 | D:5      | Found a basalt altar of Yredelemnul.
  6942 | D:5      | Found a hazy altar of Hepliaklqana.
  7258 | D:5      | Found a sparkling altar of Nemelex Xobeh.
  7511 | D:5      | Reached skill level 5 in Polearms
  8296 | D:6      | Found a staircase to the Ecumenical Temple.
  8316 | Temple   | Entered the Ecumenical Temple
  8469 | Temple   | Became a worshipper of Warmaster Okawaru
  8869 | D:6      | Reached skill level 10 in Bows
  9603 | D:7      | Reached * piety under Okawaru
  9603 | D:7      | Reached XP level 9. HP: 74/79 MP: 9/9
 10050 | D:7      | Reached skill level 11 in Bows
 10050 | D:7      | HP: 4/80 [wraith (5)]
 10065 | D:7      | Slain by a wraith

Levels and vault maps discovered:
D:1:      lightli_arrival_quake, layout_rooms, minmay_misc_feat_diagonals
D:2:      layout_basic, bh_walls_and_bars
D:3:      layout_basic, nicolae_ru_the_path_less_chosen
D:4:      layout_loops_cross, first_ration, uniq_purgy, uniq_crazy_yiuf_cottage,
          uniq_edmund, uniq_menkaure
D:5:      layout_basic, gammafunk_temple_overflow_wave, gup_sewer_entry_glass,
          nemelex_xobeh_ov_fountains_minmay
D:6:      layout_cave_pools, minmay_temple_entry_drinking_statues
D:7:      layout_basic, kennysheep_mini, serial_shops, shop, the_bakery,
          minmay_guarded_unrand_finisher
Temple:   regret_index_temple_sphere_string

Skill      XL: |  1  2  3  4  5  6  7  8  9 |
---------------+----------------------------+-----
Polearms       | 1 2 3 4 5 6 |  6.5
Bows           | 6 7 8 10 11 | 11.0
Fighting       | 3 4 5 7 |  7.7
Dodging        | |  1.6
Stealth        | |  0.8

Action                   |  1- 3 |  4- 6 |  7- 9 || total
-------------------------+-------+-------+-------++-------
Melee: Short sword       |    13 |       |       ||    13
       Kick              |    21 |    24 |    83 ||   128
       Spear             |   109 |    48 |       ||   157
       Trident           |       |    51 |   389 ||   440
 Fire: Shortbow          |    20 |    55 |   115 ||   190
  Use: Scroll            |       |       |    10 ||    10
  Eat: Chunk             |     3 |     5 |    16 ||    24
       Ration            |       |     1 |       ||     1
Armor: Leather armour    |    13 |       |       ||    13
       Scale mail        |    58 |    52 |   188 ||   298
Dodge: Dodged            |    37 |    43 |   151 ||   231

Table legend:
 A = Non-vault XP
 B = Vault XP
 C = Vault XP percentage of total XP
 D = Non-vault monster count
 E = Vault monster count
 F = Vault count percentage of total count
                 A         B        C        D         E       F
            +---------+---------+-------+---------+---------+-------
      Total |    2238 |    1642 |  42.3 |     125 |      37 |  22.8
            +---------+---------+-------+---------+---------+-------
        D:1 |      38 |       0 |   0.0 |      15 |       0 |   0.0
        D:2 |      85 |       0 |   0.0 |      20 |       0 |   0.0
        D:3 |      62 |       0 |   0.0 |      24 |       0 |   0.0
        D:4 |     144 |     480 |  76.9 |      16 |       4 |  20.0
        D:5 |     511 |      17 |   3.2 |      16 |       3 |  15.8
        D:6 |     485 |       0 |   0.0 |      15 |       0 |   0.0
        D:7 |     913 |     428 |  31.9 |      19 |       2 |   9.5
      Sewer |       0 |     717 | 100.0 |       0 |      28 | 100.0
            +---------+---------+-------+---------+---------+-------
